 Dungeon Crawl Stone Soup version 0.19.0-26-g9e9c210 (webtiles) character file.

169 slubgob the Cudgeler (level 5, 0/42 HPs)
             Began as a Demonspawn Berserker on Nov 23, 2016.
             Was a Believer of Trog.
             Slain by a rat (2 damage)
             ... on level 3 of the Dungeon.
             The game lasted 00:16:32 (3619 turns).

slubgob the Cudgeler (Demonspawn Berserker)         Turns: 3619, Time: 00:16:33

Health: 0/42       AC:  5    Str: 23    XL:     5   Next: 25%
Magic:  5/5        EV: 12    Int:  9    God:    Trog [**....]
Gold:   240        SH:  0    Dex: 12    Spells: 0 memorised, 4 levels left

rFire  . . .     SeeInvis .     a - +0 mace
rCold  . . .     Gourm    .     d - +0 leather armour
rNeg   . . .     Faith    .     (no shield)
rPois  .         Spirit   .     (helmet restricted)
rElec  .         Reflect  .     (no cloak)
rCorr  .         Harm     .     f - +0 pair of gloves
MR     .....                    g - +0 pair of boots (curse)
Stlth  +.........               (no amulet)
                                (no ring)
                                (no ring)

@: mighty
A: claws 1, horns 1, powered by pain 1
a: Berserk, Trog's Hand, Burn Spellbooks, Renounce Religion


You were on level 3 of the Dungeon.
You worshipped Trog.
Trog was pleased with you.
You were not hungry.

You visited 1 branch of the dungeon, and saw 3 of its levels.

You collected 240 gold pieces.

Inventory:

Hand Weapons
 a - a +0 mace (weapon)
Armour
 b - a +0 animal skin
 d - a +0 leather armour (worn)
 f - a +0 pair of gloves (worn)
 g - a cursed +0 pair of boots (worn)
Jewellery
 u - an uncursed ring of protection from magic {unknown}
Wands
 t - a wand of random effects (9/48)
Scrolls
 e - a scroll of recharging {unknown}
 h - 3 scrolls of identify {unknown}
 q - a scroll of enchant armour {unknown}
 s - a scroll of random uselessness {unknown}
 w - a scroll of fog {unknown}
Potions
 j - 3 potions of curing {unknown}
 k - a potion of brilliance {unknown}
 l - a potion of cancellation {unknown}
 m - 2 potions of degeneration {unknown}
 n - 2 potions of lignification {unknown}
 o - a potion of might {unknown}
 r - a potion of ambrosia {unknown}
 x - a potion of agility {unknown}
 z - a potion of cure mutation {unknown}
Comestibles
 c - 2 bread rations
 i - 3 meat rations
 p - 2 fruits
 v - a chunk of flesh


   Skills:
 * Level 3.7 Fighting
 * Level 4.1 Maces & Flails
 + Level 2.7 Armour
 + Level 2.2 Dodging
 - Level 1.0 Stealth


You had 4 spell levels left.
You didn't know any spells.

Dungeon Overview and Level Annotations

Branches:
Dungeon (3/15)

Altars:
Fedhas
Ru

Annotations:
D:3 Natasha


Innate Abilities, Weirdness & Mutations

You have sharp fingernails.
You have a pair of small horns on your head.
You sometimes gain a little power by taking damage.


Message History

The magic dart hits you! Natasha closely misses you.
You hit Natasha but do no damage. Natasha barely misses you.
You barely miss Natasha. Natasha claws you but does no damage.
You hit Natasha. Your headbutt misses Natasha.
Natasha is moderately wounded.
Natasha claws you.
You hit Natasha but do no damage.
Natasha is moderately wounded.
Natasha closely misses you.
You hit Natasha.
Natasha is severely wounded.
Natasha claws you.
* * * LOW HITPOINT WARNING * * *
Natasha claws you!
* * * LOW HITPOINT WARNING * * *
You focus on the pain.
You feel very mighty all of a sudden. The rat bites you.
You die...

#...###†..## #####.
#....#....# #+#
♣P≈##. #.......##
≈≈♣#♣♣≈'. #.<.⌠.>.#
♣≈♣#♣≈#. #.......##
#♣≈♣≈♣##
#....#....#
#♣≈≈≈♣#♣#
#...###.†.##
###♣≈♣≈♣# ≈# #....
#rh..###.#≈♣#♣≈♣♣≈#
..⌠.# ##@⌠.....'P♣
#♣≈≈## ..
#...#...#♣≈P♣##'##
##.##.#.######....
#....##....##..#.
#....##.######...
#....#..# ##.##
#......######..##
#..).......##..#.
#....#####.....#.


You could see Natasha and a rat.

Vanquished Creatures
  Natasha (twice) (D:3)
  4 adders
  An ooze (D:1)
  5 worms (D:2)
  4 dart slugs
  2 leopard geckos
  An orc (D:3)
  A ball python (D:3)
  3 giant cockroaches
  7 goblins
  6 hobgoblins
  A quokka (D:2)
  8 bats
  2 frilled lizards
  5 kobolds
  4 rats
  A plant (D:3)
57 creatures vanquished.

Vanquished Creatures (others)
  5 toadstools (D:1)
5 creatures vanquished.

Grand Total: 62 creatures vanquished

Notes
Turn   | Place    | Note
-------+----------+-------------------------------------------
     0 | D:1      | slubgob the Demonspawn Berserker began the quest for the Orb.
     0 | D:1      | Reached XP level 1. HP: 18/18 MP: 1/1
   285 | D:1      | Gained mutation: You sometimes gain a little power by taking damage. [demonic ancestry]
   285 | D:1      | Reached XP level 2. HP: 17/24 MP: 2/2
   560 | D:1      | Reached skill level 3 in Maces & Flails
  1243 | D:2      | Gained mutation: You have a pair of small horns on your head. [demonic ancestry]
  1243 | D:2      | Reached XP level 3. HP: 27/29 MP: 3/3
  1248 | D:2      | Found a faded altar of an unknown god.
  1417 | D:2      | Reached ** piety under Trog
  1617 | D:2      | Found a sacrificial altar of Ru.
  2207 | D:2      | Gained mutation: You have sharp fingernails. [demonic ancestry]
  2207 | D:2      | Reached XP level 4. HP: 9/35 MP: 4/4
  2892 | D:3      | Found a blossoming altar of Fedhas.
  3143 | D:3      | Noticed Natasha
  3155 | D:3      | Killed Natasha
  3560 | D:3      | Reached skill level 4 in Maces & Flails
  3560 | D:3      | Reached skill level 1 in Stealth
  3560 | D:3      | Reached XP level 5. HP: 31/41 MP: 5/5
  3563 | D:3      | Noticed Natasha
  3575 | D:3      | Killed Natasha
  3609 | D:3      | Noticed Natasha
  3619 | D:3      | HP: 2/42 [Natasha (7)]
  3619 | D:3      | Slain by a rat

Skill      XL: |  1  2  3  4 |
---------------+-------------+-----
Armour         | 2 |  2.7
Dodging        | 2 |  2.2
Maces & Flails | 3 4 |  4.1
Stealth        | 1 |  1.0
Fighting       | |  3.7

Action                   |  1- 3 |  4- 6 || total
-------------------------+-------+-------++-------
Melee: Mace              |   138 |   104 ||   242
       Headbutt          |    16 |    22 ||    38
  Eat: Chunk             |     3 |     4 ||     7
       Fruit             |     1 |     1 ||     2
Armor: Leather armour    |    66 |    32 ||    98
Dodge: Dodged            |   125 |    73 ||   198
